 Dungeon Crawl Stone Soup version 0.31.0-9-g3a7656b989 (webtiles) character file.

Game seed: 11597895806098400607

9 Colgate the Poker (level 2, 22/24 HPs)
             Began as a Demonspawn Chaos Knight on Feb 3, 2024.
             Was a Plaything of Xom.
             Quit the game on level 1 of the Dungeon.
             The game lasted 00:00:18 (856 turns).

Colgate the Poker (Demonspawn Chaos Knight)          Turns: 856, Time: 00:00:18

Health: 22/24      AC:  5    Str:  9 (10) XL:     2   Next: 3%
Magic:  2/2        EV: 11    Int: 12      God:    Xom [......]
Gold:   60         SH:  4    Dex: 10      Spells: 1/1 levels left

rFire   + . .        a - +0 spear (chaos)
rCold   . . .        (no shield)
rNeg    . . .        b - +2 leather armour
rPois   .            (no helmet)
rElec   .            (no cloak)
rCorr   .            (no gloves)
SInv    .            (no boots)
Will    .....        (no amulet)
Stlth   +            (no ring)
HPRegen 0.24/turn    (no ring)
MPRegen 0.08/turn

%: clarity
@: no status effects
A: condensation shield, clarity, clumsy 1, fire resistance 1, weak 1
a: Renounce Religion


You were on level 1 of the Dungeon.
You worshipped Xom.
You were a very special plaything of Xom.
You visited 1 branch of the dungeon, and saw 1 of its levels.

You collected 60 gold pieces.

Inventory:

Hand Weapons
 a - a +0 spear of chaos (weapon)
Armour
 b - a +2 leather armour (worn)
Jewellery
 e - an amulet of regeneration
 g - a ring of ice
 i - a ring of resist corrosion
Scrolls
 c - a scroll of butterflies
 d - 2 scrolls of identify {unknown}
 h - a scroll of vulnerability {unknown}
Potions
 f - a potion of degeneration {unknown}


   Skills:
 - Level 3.0 Fighting
 + Level 3.2 Polearms
 - Level 1.7 Armour
 - Level 0.8 Dodging


You had one spell level left.
You didn't know any spells.
Your spell library contained the following spells:

 Spells                   Type           Power      Damage    Failure   Level
 Ozocubu's Armour         Ice            0%         N/A       80%         3
 Metabolic Englaciation   Hex/Ice        0%         N/A       100%        5
 Sculpt Simulacrum        Ice/Alch       0%         N/A       100%        6


Dungeon Overview and Level Annotations

Branches:
Dungeon (1/15)

Altars:

Shops:
D:1 :


Innate Abilities, Weirdness & Mutations

A meltable shield of frost defends you. (SH +4)
You possess an exceptional clarity of mind.
You are clumsy. (Dex -2)
Your flesh is heat resistant. (rF+)
You are weak. (Str -2)


Message History

No target in view!
Partly explored, unopened door.
No target in view!
Partly explored, unopened door.
No target in view!
Partly explored, unopened door.
No target in view!
Partly explored, unopened door.
No target in view!
Partly explored, unopened door.
You open the door.
A goblin comes into view. It is wielding a +0 dagger.
The goblin shouts!
Found a glowing orange potion and a scroll labelled BOHINA DAFUA.
There is an open door here.
A goblin is nearby!
You reach to attack!
You closely miss the goblin.
A goblin is nearby!
You closely miss the goblin. The goblin hits you but does no damage.
A goblin is nearby!
You closely miss the goblin.
A goblin is nearby!
You barely miss the goblin. The goblin hits you with a +0 dagger.
A goblin is nearby!
You miss the goblin. The goblin hits you but does no damage.
A goblin is nearby!
You barely miss the goblin. The goblin hits you but does no damage.
A goblin is nearby!
You closely miss the goblin. The goblin hits you but does no damage.
A goblin is nearby!
You barely miss the goblin. The goblin misses you.
A goblin is nearby!
You hit the goblin but do no damage. The goblin hits you with a +0 dagger.
A goblin is nearby!
You hit the goblin. You freeze the goblin.
You kill the goblin!
You have reached level 2!
Your demonic ancestry asserts itself...
Frost condenses into a shield before you.
Are you sure you want to abandon this character and quit the game? (Confirm with "yes".)

..# #.#
#.#...........#####
#.# #.#
#......###........#
#.###.# ###.####
#.##.###.# ......#
##+# #.##.###.#
#.##### #...#
#.##..##.# #.#
.....# #.###.##.#
#.## .....?#
#.##..##.# ...####
....!..##.#...##.#
......+
.......@.........#
...####
......)####...####
.....# ......#
##..# #..#.# .....#
##.## #.#..# #...#
#...# .###.# ##+#
###...### #.#..#
#.# #.......#
##.#.# #.#
#.......#
.....######.##
#.......#


There were no monsters in sight!

Vanquished Creatures
  A bat (D:1)
  A goblin (D:1)
  2 hobgoblins (D:1)
  2 ball pythons (D:1)
  A kobold (D:1)
  A rat (D:1)
8 creatures vanquished.

Notes
Turn   | Place    | Note
-------+----------+-------------------------------------------
     0 | D:1      | Colgate the Demonspawn Chaos Knight began the quest for the
                  | Orb.
     0 | D:1      | Reached XP level 1. HP: 18/18 MP: 1/1
   178 | D:1      | XOM: divination: detect items
   282 | D:1      | Found a faded altar of an unknown god.
   357 | D:1      | XOM: divination: detect creatures
   384 | D:1      | Found Rivvif Laacu's Vocational Training.
   430 | D:1      | XOM: 6-stop teleportation journey
   491 | D:1      | XOM: 8-stop teleportation journey
   595 | D:1      | XOM: stat loss: -1 Str (11/12)
   672 | D:1      | XOM: give mutations
   672 | D:1      | Gained mutation: You are weak. (Str -2) [Xom's mischief]
   672 | D:1      | Gained mutation: You are clumsy. (Dex -2) [Xom's mischief]
   672 | D:1      | Gained mutation: Your flesh is heat resistant. (rF+) [Xom's
                  | mischief]
   672 | D:1      | Gained mutation: You possess an exceptional clarity of
                  | mind. [Xom's mischief]
   856 | D:1      | Gained mutation: A meltable shield of frost defends you.
                  | (SH +4) [demonic ancestry]
   856 | D:1      | Reached XP level 2. HP: 22/24 MP: 2/2
   856 | D:1      | Quit the game

Illustrated notes

Levels and vault maps discovered:
D:1:      lightli_iron_boxes, layout_loops_corners,
          hellmonk_ecumenical_altar_leap_of_faith, nicolae_shop_vocational

Skill      XL: |  1 |
---------------+----+-----
Polearms       | 3 |  3.2
Fighting       | |  3.0
Armour         | |  1.7
Dodging        | |  0.8

Action                     || total
---------------------------++-------
  Melee: Spear             ||    28
   Stab: Sleeping          ||     1
 Armour: Leather armour    ||     9
  Dodge: Dodged            ||     8
